 Dungeon Crawl Stone Soup version 0.19.4-8-ga85b6b9 (webtiles) character file.

1876 Naow the Cleaver (level 9, -1/64 HPs)
             Began as a Formicid Fighter on Feb 11, 2017.
             Killed from afar by an electric eel (4 damage)
             ... with a bolt of electricity
             ... on level 6 of the Dungeon.
             The game lasted 00:08:24 (7050 turns).

Naow the Cleaver (Formicid Fighter)                 Turns: 7050, Time: 00:08:24

Health: -1/64      AC: 11    Str: 24    XL:     9   Next: 36%
Magic:  9/9        EV:  9    Int:  8    God:
Gold:   274        SH: 11    Dex: 10    Spells: 0 memorised, 8 levels left

rFire  . . .     SeeInvis +     a - +0 war axe
rCold  . . .     Gourm    .     b - +0 scale mail
rNeg   . . .     Faith    .     c - +0 shield
rPois  .         Spirit   .     (helmet unavailable)
rElec  .         Reflect  .     j - +0 cloak
rCorr  .         Harm     .     l - +1 pair of gloves
MR     .....                    n - +0 pair of boots
Stlth  ..........               (no amulet)
                                (no ring)
                                (no ring)

@: no status effects
A: permanent stasis, dig shafts and tunnels, four strong arms, antennae 3
a: Dig, Shaft Self


You were on level 6 of the Dungeon.
You were not hungry.

You visited 1 branch of the dungeon, and saw 6 of its levels.

You collected 274 gold pieces.

Inventory:

Hand Weapons
 a - a +0 war axe (weapon)
Armour
 b - a +0 scale mail (worn)
 c - a +0 shield (worn)
 j - a +0 cloak (worn)
 l - a +1 pair of gloves (worn)
 n - a +0 pair of boots (worn)
 z - a +0 large shield
Jewellery
 g - an uncursed ring of wizardry {unknown}
 v - an uncursed ring of protection from fire {unknown}
 w - an uncursed ring of fire {unknown}
 y - a +3 ring of dexterity {unknown}
 E - an uncursed ring of poison resistance {unknown}
 O - an uncursed ring of protection from cold {unknown}
 P - a cursed +3 ring of strength {unknown}
Wands
 o - a wand of teleportation (6/9)
 C - a wand of flame (24/48)
 K - a wand of flame (23/48)
 M - a wand of polymorph (22/24)
Scrolls
 e - 6 scrolls of remove curse {unknown}
 i - 2 scrolls of amnesia {unknown}
 m - 7 scrolls of identify {unknown}
 q - 2 scrolls of teleportation {unknown}
 s - 2 scrolls of recharging {unknown}
 u - 2 scrolls of enchant weapon {unknown}
 A - a scroll of blinking {unknown}
 B - a scroll of noise {unknown}
 D - 2 scrolls of random uselessness {unknown}
 F - 2 scrolls of magic mapping {unknown}
Potions
 d - a potion of might
 h - 3 potions of heal wounds {unknown}
 p - a potion of flight {unknown}
 r - 2 potions of curing
 x - a potion of cancellation {unknown}
 G - a potion of brilliance {unknown}
 H - a potion of cure mutation {unknown}
 I - a potion of haste {unknown}
 J - 3 potions of mutation {unknown}
 Q - a potion of degeneration {unknown}
Comestibles
 f - 3 bread rations
 k - 5 meat rations
 t - a slice of pizza
 N - a beef jerky


   Skills:
 - Level 3.2 Fighting
 * Level 9.8 Axes
 - Level 3.2 Armour
 + Level 8.6 Shields


You had 8 spell levels left.
You didn't know any spells.

Dungeon Overview and Level Annotations

Branches:
Dungeon (6/15)
 Temple: D:4-7

Altars:
Dithmenos
Kikubaaqudgha
Nemelex Xobeh
Trog

Shops:
D:4 [


Innate Abilities, Weirdness & Mutations

You are under a permanent stasis effect.
You can dig through walls and to a lower floor.
Your four strong arms can wield two-handed weapons with a shield.
You have a pair of large antennae on your head. (SInv)


Message History

The electric eel completely resists.
You barely miss the electric eel. You miss the electric eel.
You barely miss the electric eel. You miss the electric eel.
The electric eel shoots out a bolt of lightning at you!
The bolt of electricity hits you!
* * * LOW HITPOINT WARNING * * *
The bolt of electricity hits you!
* * * LOW HITPOINT WARNING * * *
The bolt of electricity hits the electric eel.
The electric eel completely resists.
Okay, then.
You slash the electric eel!
The electric eel is severely wounded.
The electric eel shoots out a bolt of lightning at you!
The bolt of electricity hits you!
* * * LOW HITPOINT WARNING * * *
The bolt of electricity hits you!
You die...

..#[..≈≈.≈≈...............##
..##.#≈≈≈≈≈≈...............#
...≈≈≈≈≈≈≈≈≈≈≈.............#
..≈≈≈≈≈.[.#≈≈≈≈...........#######
..≈≈≈≈≈..≈$≈#≈≈......##...##....#
.≈≈≈≈#≈≈?≈≈≈≈#≈≈.....##...##....#
≈≈≈≈≈≈≈#.#≈≈#≈≈≈≈.....#....#....#
≈≈≈≈≈≈≈.<.≈≈≈≈≈≈≈##...'...##....#
.≈≈≈≈#≈.<.≈≈≈≈≈≈@.#...#...##....#
≈≈≈#≈≈≈.$.≈≈≈≈≈;≈?...(#.........#
≈≈≈≈≈≈≈.≈#≈≈#≈≈≈#....#.........#
≈≈≈≈≈≈≈..≈≈≈≈≈≈.##.###...#######
w≈≈≈≈≈.$.≈≈≈≈≈..##'###...#
.≈≈≈≈≈≈..≈#≈#≈......#.....
#.≈≈≈≈≈≈#≈≈≈≈.......#......
≈≈≈.##+##..##...... ≈≈..
#####....##


You could see an electric eel.

Vanquished Creatures
  The ghost of Zeloya the Caller, an amateur KoSu (D:5)
  Menkaure (D:6)
  Duvessa (D:6)
  A sky beast (D:5)
  A black bear (D:4)
  An ice beast (D:6)
  The ghost of Amadiro the Chiller, an amateur DEIE (D:3)
  Dowan (D:6)
  A howler monkey (D:4)
  An electric eel (D:6)
  A crimson imp (D:5)
  2 bullfrog skeletons (D:4)
  4 orc priests
  2 hounds (D:6)
  A centaur skeleton (D:6)
  Ijyb (D:3)
  5 orc wizards (D:4)
  5 worker ants
  Natasha (thrice) (D:3)
  2 iguanas
  A killer bee zombie (D:6)
  Robin (D:2)
  8 adders
  4 adder skeletons
  6 worms
  10 dart slugs
  6 leopard geckos
  17 orcs
  3 ball pythons
  5 bats
  4 bat zombies (D:3)
  8 giant cockroaches
  19 goblins
  14 hobgoblins
  7 jackals
  4 quokkas
  4 frilled lizards
  A jackal skeleton (D:5)
  14 kobolds
  A leopard gecko skeleton (D:6)
  A quokka zombie (D:6)
  3 rats
  A rat zombie (D:3)
178 creatures vanquished.

Vanquished Creatures (others)
  A giant cockroach (D:1)
  A goblin (D:1)
  A kobold (D:1)
  A plant (D:3)
4 creatures vanquished.

Grand Total: 182 creatures vanquished

Notes
Turn   | Place    | Note
-------+----------+-------------------------------------------
     0 | D:1      | Naow the Formicid Fighter began the quest for the Orb.
     0 | D:1      | Reached XP level 1. HP: 18/18 MP: 1/1
   169 | D:1      | Reached XP level 2. HP: 23/24 MP: 2/2
   338 | D:1      | Reached XP level 3. HP: 29/29 MP: 3/3
   440 | D:1      | Reached skill level 3 in Axes
   893 | D:2      | Noticed Robin
   903 | D:2      | Reached XP level 4. HP: 28/35 MP: 4/4
  1204 | D:2      | Killed Robin
  1314 | D:2      | Found a shadowy altar of Dithmenos.
  1340 | D:2      | Reached skill level 4 in Axes
  1344 | D:2      | Reached XP level 5. HP: 35/41 MP: 5/5
  1814 | D:3      | Noticed Amadiro's ghost (amateur DEIE)
  1824 | D:3      | Killed Amadiro's ghost
  1824 | D:3      | Reached skill level 5 in Shields
  1824 | D:3      | Reached XP level 6. HP: 27/47 MP: 6/6
  1957 | D:3      | Noticed Ijyb
  1987 | D:3      | Killed Ijyb
  1987 | D:3      | Reached skill level 5 in Axes
  2430 | D:3      | Found an ancient bone altar of Kikubaaqudgha.
  2567 | D:3      | Noticed Natasha
  2577 | D:3      | Killed Natasha
  2759 | D:3      | Noticed Natasha
  2769 | D:3      | Killed Natasha
  2783 | D:3      | Noticed Natasha
  2786 | D:3      | Killed Natasha
  3128 | D:3      | Reached XP level 7. HP: 50/52 MP: 7/7
  3238 | D:4      | Reached skill level 6 in Axes
  3680 | D:4      | Found Egivuhacvu's Antique Armour Shop.
  3762 | D:4      | Reached skill level 7 in Axes
  3762 | D:4      | Reached XP level 8. HP: 14/58 MP: 8/8
  4333 | D:4      | Found a bloodstained altar of Trog.
  4623 | D:5      | Entered Level 5 of the Dungeon
  4754 | D:5      | Noticed Zeloya's ghost (amateur KoSu)
  4763 | D:5      | Killed Zeloya's ghost
  4763 | D:5      | Reached skill level 8 in Axes
  5347 | D:5      | Found a sparkling altar of Nemelex Xobeh.
  6033 | D:6      | Noticed Dowan
  6035 | D:6      | Noticed Duvessa
  6052 | D:6      | Killed Duvessa
  6052 | D:6      | Reached XP level 9. HP: 44/64 MP: 9/9
  6052 | D:6      | Reached skill level 9 in Axes
  6053 | D:6      | Killed Dowan
  6272 | D:6      | Noticed Menkaure
  6281 | D:6      | Killed Menkaure
  7050 | D:6      | HP: 3/64 [electric eel/bolt of electricity (8)]
  7050 | D:6      | Killed from afar by an electric eel

Skill      XL: |  1  2  3  4  5  6  7  8  9 |
---------------+----------------------------+-----
Shields        | 4 5 6 7 8 |  8.6
Axes           | 3 4 5 7 8 9 |  9.8
Fighting       | |  3.2
Armour         | |  3.2

Action                   |  1- 3 |  4- 6 |  7- 9 || total
-------------------------+-------+-------+-------++-------
Melee: War axe           |    88 |   235 |   269 ||   592
  Use: Potion            |       |       |     1 ||     1
  Eat: Chunk             |       |     8 |    10 ||    18
       Royal jelly       |       |       |     1 ||     1
Armor: Scale mail        |    57 |   129 |   100 ||   286
Dodge: Dodged            |    64 |    85 |    81 ||   230
Block: Shield            |    71 |   138 |   120 ||   329
